 Dungeon Crawl Stone Soup version 0.30-a0-918-g0ff054e9dc (webtiles) character file.

Game seed: 12257697905037304311

32 theswoord the Slasher (level 3, 0/23 HPs)
             Began as a Gargoyle Berserker on Mar 20, 2023.
             Was a Follower of Trog.
             Slain by a worm (2 damage)
             ... on level 2 of the Dungeon.
             The game lasted 00:01:19 (1087 turns).

theswoord the Slasher (Gargoyle Berserker)          Turns: 1087, Time: 00:01:20

Health: 0/23       AC:  7    Str: 22    XL:     3   Next: 25%
Magic:  3/3        EV: 11    Int:  7    God:    Trog [*.....]
Gold:   27         SH:  0    Dex:  9    Spells: 2/2 levels left

rFire   . . .      SeeInvis .    a - +1 falchion (freeze)
rCold   . . .      Faith    .    (no shield)
rNeg    + . .      Spirit   .    b - +0 animal skin
rPois   ∞          Reflect  .    c - +1 helmet
rElec   +          Rampage  .    (no cloak)
rCorr   .                        (no gloves)
Will    .....                    (no boots)
Stlth   +                        (no amulet)
HPRegen 0.23/turn                (no ring)
MPRegen 0.08/turn                (no ring)

@: no status effects
A: sickness immunity, AC +3, negative energy resistance 1, electricity
resistance, torment resistance 1, petrification resistance
a: Renounce Religion, Berserk


You were on level 2 of the Dungeon.
You worshipped Trog.
Trog was aware of your devotion.
You visited 1 branch of the dungeon, and saw 2 of its levels.

You collected 27 gold pieces.

Inventory:

Hand Weapons
 a - a +1 falchion of freezing (weapon)
Armour
 b - a +0 animal skin (worn)
 c - a +1 helmet (worn)
Potions
 d - a potion of heal wounds


   Skills:
 - Level 3.2 Fighting
 + Level 3.9 Long Blades
 - Level 2.1 Armour
 - Level 1.5 Dodging


You had 2 spell levels left.
You didn't know any spells.
Your spell library was empty.

Dungeon Overview and Level Annotations

Branches:
Dungeon (2/15)

Altars:


Innate Abilities, Weirdness & Mutations

You are immune to sickness and miasma.
Your stone body is resilient. (AC +3)
You are immune to poison.
You resist negative energy. (rN+)
You are resistant to electric shocks. (rElec)
You are resistant to unholy torment.
You are immune to petrification.


Message History

The kobold shouts!
You see here a +0 club.
A kobold is nearby!
A kobold is nearby!
The kobold barely misses you.
You barely miss the kobold. The kobold closely misses you.
You hit the kobold. You freeze the kobold.
The kobold hits you but does no damage.
You hit the kobold. You freeze the kobold.
You kill the kobold!
Trog accepts your kill.
No target in view!
No target in view!
No target in view!
No target in view!
You open the door.
A worm comes into view.
A worm is nearby!
A worm is nearby!
A worm comes into view.
Found 22 gold pieces.
There is an open door here.
The worm bites you but does no damage.
You hit the worm. You freeze the worm. The worm bites you!
You hit the worm. You freeze the worm. You barely miss the worm.
The worm closely misses you.
You hit the worm but do no damage. The worm barely misses you.
You barely miss the worm. You hit the worm. You freeze the worm.
The worm bites you!
* * * LOW HITPOINT WARNING * * *
You hit the worm. You freeze the worm. The worm bites you but does no damage.
The worm bites you.
* * * LOW HITPOINT WARNING * * *
You hit the worm. You freeze the worm. You hit the worm. You freeze the worm.
You kill the worm!
Trog accepts your kill. The worm barely misses you.
You barely miss the worm. The worm bites you.
You die...

....... .......
###.......
#......... ..
#......... #..#
#.........
#....#w........
#......@.$$....
#.##.##'#######
#.##.##
##.....###
#......#...##
#.##........# ..
#.......)# ....
#........###
....
............####
#....


You could see a worm.

Vanquished Creatures
  A worm (D:2)
  4 endoplasms
  2 goblins
  3 hobgoblins (D:1)
  4 kobolds
  2 quokkas (D:1)
  3 ball pythons (D:1)
  6 bats (D:1)
  A rat (D:1)
26 creatures vanquished.

Notes
Turn   | Place    | Note
-------+----------+-------------------------------------------
     0 | D:1      | theswoord the Gargoyle Berserker began the quest for the
                  | Orb.
     0 | D:1      | Reached XP level 1. HP: 14/14 MP: 1/1
    84 | D:1      | Reached XP level 2. HP: 17/19 MP: 2/2
   822 | D:1      | Reached XP level 3. HP: 17/23 MP: 3/3
  1084 | D:2      | HP: 1/23 [worm (6)]
  1087 | D:2      | Slain by a worm

Skill      XL: |  1 |
---------------+----+-----
Long Blades    | 3 |  3.9
Fighting       | |  3.2
Armour         | |  2.1
Dodging        | |  1.5

Action                     || total
---------------------------++-------
  Melee: Falchion          ||   108
    Use: Scroll            ||     5
 Armour: Animal skin       ||    43
  Dodge: Dodged            ||    78

Levels and vault maps discovered:
D:1:      onia_arrival_pentagram, layout_basic
D:2:      layout_basic, shapermc_ecumenical_altar_flowoftime,
          minmay_tetromino_o2
